 Dungeon Sprint DCSS version 0.31-a0-876-gfe8ebadbca (webtiles) character file.

Game seed: 3704832004595996589

10 rocky1 the Ducker (level 2, -5/24 HPs)
             Began as a Djinni Gladiator on Oct 14, 2023.
             Slain by a water moccasin (8 damage)
             ... in the Dungeon (Sprint II: "The Violet Keep of Menkaure").
             The game lasted 00:00:16 (41 turns).

rocky1 the Ducker (Djinni Gladiator)                  Turns: 41, Time: 00:00:18

Health: -5/24      AC:  4    Str: 13    XL:     2   Next: 30%
Gold:   243        EV: 13    Int:  9    God:
                   SH:  0    Dex: 14

rFire   + + .        a - +0 long sword
rCold   x . .        (no shield)
rNeg    . . .        b - +0 leather armour
rPois   ∞            c - +0 helmet
rElec   .            (no cloak)
rCorr   .            (no gloves)
SInv    .            (boots unavailable)
Will    .....        (no amulet)
Stlth   +            (no ring)
HPRegen 0.24/turn    (no ring)
MPRegen 0.00/turn

%: no teleportation, infuse magic (-6 HP)
@: flying
A: sickness immunity, fire resistance 2, cold vulnerability 1, float, innate
caster, HP casting, extra vitality 1
a: no special abilities


You were in the Dungeon.
You visited 1 branch You collected 243 gold pieces.

Inventory:

Hand Weapons
 a - a +0 long sword (weapon)
Missiles
 d - 3 throwing nets (quivered)
 e - a javelin
Armour
 b - a +0 leather armour (worn)
 c - a +0 helmet (worn)
Scrolls
 j - a scroll of blinking
Potions
 f - a potion of curing
 g - a potion of heal wounds
 h - a potion of haste
 i - a potion of berserk rage


   Skills:
 + Level 2.3 Fighting
 + Level 3.7 Long Blades
 + Level 1.9 Throwing
 + Level 4.2 Dodging You didn't know any spells. Your spell library was empty.

Dungeon Overview and Level Annotations

Branches:
Dungeon (1/1)

Altars:

Shops:
D !*?(:?==(:

Annotations:
D exclusion: obsidian statue


Innate Abilities, Weirdness & Mutations

You are immune to sickness and miasma.
You are immune to poison.
Your flesh is very heat resistant. (rF++)
You are vulnerable to cold. (rC-)
You float through the air rather than walking.
You learn spells naturally, not from books.
Your magical power is your life essence.
You have superior vitality. (+4 MHP)


Message History

You kill the worm!
There is an open door here.
You see here a worm corpse.
What are your orders? t - Shout!
Orders for allies: a - Attack new target. r - Retreat! s - Stop attacking. g - Guard the area. f - Follow me.
Anything else - Cancel.
Okay, then.
Found 243 gold pieces.
You now have 243 gold pieces.
You reach down and open the door.
Found five shops.
Found three shops.
There is an open door here.
Found a blade talisman.
Found Noniz's General Store and Foif Waf's Distillery.
Marking area around an obsidian statue as unsafe for travelling.
A water moccasin comes into view.
The water moccasin moves out of view.
The water moccasin barely misses you. The water moccasin bites you.
The water moccasin misses you.
You closely miss the water moccasin.
The water moccasin is moderately wounded.
The water moccasin closely misses you. x2
You barely miss the water moccasin.
The water moccasin is moderately wounded.
The water moccasin bites you.
You closely miss the water moccasin.
The water moccasin is moderately wounded.
The water moccasin bites you! The water moccasin bites you.
You closely miss the water moccasin.
The water moccasin is moderately wounded.
The water moccasin bites you. x2
* * * LOW HITPOINT WARNING * * *
You hit the water moccasin.
The water moccasin is moderately wounded.
The water moccasin bites you!
You die...

∩...#~#...##.##
....+~'.##†.<.+
..###
....#~###.##.##
.§..# ▓▓###~##.#
#+# #.§...
#####~~###
###~~.... ##~~~#
#~~§§~§§. #+#~##
##~§~~~~§§
#~~##+##S~~§§≈~§~
##~~~~~~~@~~≈≈≈≈§
#+++#+++#~§§≈§≈§
..... #§§≈###
...°.°... #§≈#
+.....8.....+ §#
##.........##
##.......##
####+####


You could see a water moccasin.

Vanquished Creatures
  3 worms (D)
3 creatures vanquished.

Notes
Turn   | Place    | Note
-------+----------+-------------------------------------------
     0 | D        | rocky1 the Djinni Gladiator began the quest for the Orb.
     0 | D        | Reached XP level 1. HP: 18/18 MP: 0/0
    11 | D        | Reached skill level 4 in Dodging
    11 | D        | Reached XP level 2. HP: 23/23 MP: 0/0
    22 | D        | Found Romug's Book Emporium.
    22 | D        | Found Qonkiluc's Jewellery Emporium.
    22 | D        | Found Qetiana's Antique Weapon Emporium.
    22 | D        | Found Xuharchuj's Antique Weapon Shoppe.
    22 | D        | Found Siusoeh's Magic Scroll Shoppe.
    23 | D        | Found Baxia's Magic Scroll Shoppe.
    23 | D        | Found Qadarodofa's Jewellery Shoppe.
    23 | D        | Found Jeohix's Book Shoppe.
    24 | D        | Found Noniz's General Store.
    24 | D        | Found Foif Waf's Distillery.
    31 | D        | Noticed an obsidian statue
    33 | D        | Noticed a water moccasin
    41 | D        | Slain by a water moccasin

Illustrated notes

Levels and vault maps discovered:
D:        the_violet_keep_of_menkaure [sprint2_stairs_cluster_1,
          sprint2_shoproom, sprint2_temple, sprint2_basic_supplies,
          sprint2_obstacle_3, sprint2_obstacle_7, sprint2_obstacle_2,
          sprint2_obstacle_1, sprint2_obstacle_4, sprint2_timed_cluster_1,
          sprint2_smallroom_cluster_1, sprint2_smallroom_final_cluster_1,
          sprint2_transparent_cluster_1, sprint2_second_timed_cluster_1,
          sprint2_sniper_area_1, sprint2_heavy_combat_area_1,
          sprint2_mutation_trap_area_1, sprint2_forest_area_1,
          sprint2_light_combat_area_1, sprint2_behind_water_1,
          sprint2_near_end_vault_1]

Skill      XL: |  1 |
---------------+----+-----
Long Blades    | 3 |  3.7
Dodging        | 4 |  4.2
Fighting       | |  2.3
Throwing       | |  1.9

Action                     || total
---------------------------++-------
  Melee: Long sword        ||    17
 Armour: Leather armour    ||     8
  Dodge: Dodged            ||     9

Table legend: (Time is in decaauts)
 A = Elapsed time spent in this place.
 B = Non-inter-level travel time spent in this place.
 C = Inter-level travel time spent in this place.
 D = Time resting spent in this place.
 E = Time spent auto-exploring this place.
 F = Levels seen in this place.
 G = Mean time per level.
                   A        B        C        D        E       F      G
               +--------+--------+--------+--------+--------+-----+--------+
         Total |     44 |     44 |      0 |      0 |      0 |   1 |   44.0 |
       Dungeon |     44 |     44 |      0 |      0 |      0 |   1 |   44.0 |
               +--------+--------+--------+--------+--------+-----+--------+

Top non-repeatable levels by time:
       D: 44 daAuts
